 Dungeon Crawl Stone Soup version 0.27.1-3-gb3d3a73c9e (webtiles) character file.

Game seed: 1431110432034223144

18 CuBeRJAN3 the Skirmisher (level 2, 19/19 HPs)
             Began as a Gargoyle Fighter on Oct 28, 2021.
             Quit the game on level 1 of the Dungeon.
             The game lasted 00:00:31 (486 turns).

CuBeRJAN3 the Skirmisher (Gargoyle Fighter)          Turns: 486, Time: 00:00:32

Health: 19/19      AC:  9    Str: 19    XL:     2   Next: 70%
Magic:  2/2        EV:  7    Int:  8    God:
Gold:   14         SH:  9    Dex:  9    Spells: 1/1 levels left

rFire    . . .     SeeInvis .   a - +0 flail
rCold    . . .     Faith    .   c - +0 kite shield
rNeg     + . .     Spirit   .   b - +0 scale mail
rPois    ∞         Reflect  .   (no helmet)
rElec    +         Harm     .   (no cloak)
rCorr    .         Rampage  .   (no gloves)
Will     .....                  (no boots)
Stlth    ..........             (no amulet)
HPRegen  0.06/turn              (no ring)
MPRegen  0.08/turn              (no ring)

@: no status effects
A: sickness immunity, AC +2, negative energy resistance 1, electricity
resistance, torment resistance 1, petrification resistance
a: no special abilities


You were on level 1 of the Dungeon.
You visited 1 branch of the dungeon, and saw 1 of its levels.

You collected 14 gold pieces.

Inventory:

Hand Weapons
 a - a +0 flail (weapon)
Armour
 b - a +0 scale mail (worn)
 c - a +0 kite shield (worn)
Scrolls
 e - a scroll of teleportation {unknown}
Potions
 d - a potion of might


   Skills:
 * Level 3.6 Fighting
 * Level 2.4 Maces & Flails
 + Level 3.5 Armour
 + Level 3.5 Shields


You had one spell level left.
You didn't know any spells.
Your spell library was empty.

Dungeon Overview and Level Annotations

Branches:
Dungeon (1/15)

Altars:


Innate Abilities, Weirdness & Mutations

You are immune to sickness and miasma.
Your stone body is resilient. (AC +2)
You are immune to poison.
You resist negative energy. (rN+)
You are resistant to electric shocks. (rElec)
You are resistant to unholy torment.
You are immune to petrification.


Message History

The ball python constricts you.
You barely miss the ball python.
The ball python bites you but does no damage.
The ball python constricts you.
The ball python bites you but does no damage.
The ball python constricts you.
You barely miss the ball python.
The ball python bites you but does no damage.
The ball python constricts you. You block the ball python's attack.
The ball python constricts you.
You hit the ball python.
The ball python is severely wounded.
The ball python bites you. The ball python constricts you.
You closely miss the ball python.
The ball python is severely wounded.
You block the ball python's attack. The ball python constricts you.
The ball python bites you but does no damage.
The ball python constricts you.
You thump the ball python!
You kill the ball python!
No target in view!
No target in view!
You see here a ball python corpse.
An endoplasm comes into view.
Found a scroll labelled VICIR CUPE.
You block the endoplasm's attack.
You hit the endoplasm.
The endoplasm is severely wounded.
The endoplasm freezes you.
You are frozen.
You hit the endoplasm.
You kill the endoplasm!
No target in view!
No target in view!
Found a scroll labelled XIASODW DARGH.
No target in view!
No target in view!
No target in view!
e - a scroll labelled XIASODW DARGH Are you sure you want to abandon this character and quit the game? (Confirm with "yes".)

#.### ##.....## #...#
### ##.<.## ###.# ..#
#...# #.# #.##.# #...#
#.# #.##.# #...# #†#
#.##.# #...# #.# #.##.#
#...# #.# #.##.# #...#
###.# #.##@# #...# ....#
#.##.###.##
#############......?....
...............#........
.#############.#####.###
.# #.# # †###### ###
......# .####...


There were no monsters in sight!

Vanquished Creatures
  2 ball pythons (D:1)
  A bat (D:1)
  2 endoplasms (D:1)
  A giant cockroach (D:1)
  A goblin (D:1)
  3 jackals (D:1)
  A frilled lizard (D:1)
  3 kobolds (D:1)
  2 rats (D:1)
16 creatures vanquished.

Notes
Turn   | Place    | Note
-------+----------+-------------------------------------------
     0 | D:1      | CuBeRJAN3 the Gargoyle Fighter began the quest for the Orb.
     0 | D:1      | Reached XP level 1. HP: 14/14 MP: 1/1
    67 | D:1      | Reached XP level 2. HP: 8/19 MP: 2/2
   486 | D:1      | Quit the game

Illustrated notes

Levels and vault maps discovered:
D:1:      psy_arrival_spokes, layout_loops_ring, hangedman_decor_slide_cut,
          chequers_serial_rivers_micro_b, serial_park_tiny_1

Action                   || total
-------------------------++-------
Melee: Flail             ||    49
Armor: Scale mail        ||    37
Dodge: Dodged            ||    19
Block: Kite shield       ||    26
